 Dungeon Crawl Stone Soup version 0.27-a0-3-gcf006a40f5 (webtiles) character file.

Game seed: 4968498321870765715

321 Conn the Firebug (level 6, -4/37 HPs)
             Began as an Octopode Fire Elementalist on Jan 1, 2021.
             Was an Initiate of Sif Muna.
             Blown up by Ijyb (27 damage)
             ... with a disintegration bolt
             ... on level 4 of the Dungeon.
             The game lasted 00:08:44 (4061 turns).

Conn the Firebug (Octopode Fire Elementalist)       Turns: 4061, Time: 00:08:45

Health: -4/37      AC:  1    Str:  7    XL:     6   Next: 46%
Magic:  2/11       EV: 14    Int: 19    God:    Sif Muna [......]
Gold:   188        SH:  0    Dex: 13    Spells: 4/11 levels left

rFire    . . .     SeeInvis .   p - +0 rapier
rCold    . . .     Faith    +   (no shield)
rNeg     + . .     Spirit   .   (helmet restricted)
rPois    .         Reflect  .   f - amulet of faith
rElec    .         Harm     .   e - ring of flight
rCorr    .         Rampage  .   m - ring of wizardry
Will     .....                  r - ring of positive energy
Stlth    ++++......             u - ring of stealth
HPRegen  0.12/turn              (no ring)
MPRegen  0.12/turn              (no ring)
                                (no ring)
                                (no ring)

@: no status effects
A: almost no armour, stealthy swim, amphibious, 8 rings, constrict 8, camouflage
1, gelatinous body 1
a: Renounce Religion, Evoke Flight


You were on level 4 of the Dungeon.
You worshipped Sif Muna.
Sif Muna was noncommittal.
You visited 1 branch of the dungeon, and saw 4 of its levels.

You collected 188 gold pieces.

Inventory:

Hand Weapons
 n - a +0 short sword
 p - a +0 rapier (weapon)
Jewellery
 e - a ring of flight (left tentacle)
 f - an amulet of faith (around mantle)
 m - a ring of wizardry (right tentacle)
 r - a ring of positive energy (on tentacle)
 u - a ring of stealth (on tentacle)
 w - a cursed amulet of inaccuracy {unknown}
Scrolls
 a - a scroll of fear {unknown}
 b - 9 scrolls of identify {unknown}
 c - 4 scrolls of remove curse {unknown}
 g - a scroll of amnesia {unknown}
 i - a scroll of teleportation {unknown}
 j - 2 scrolls of magic mapping {unknown}
 l - 2 scrolls of immolation {unknown}
 o - a scroll of random uselessness {unknown}
 q - a scroll of enchant weapon {unknown}
 s - a scroll of fog {unknown}
Potions
 d - a potion of might {unknown}
 h - a potion of heal wounds
 k - 2 potions of curing {unknown}
 t - 2 potions of berserk rage {unknown}
 v - a potion of mutation {unknown}


   Skills:
 + Level 0.4 Fighting
 + Level 0.3 Short Blades
 + Level 2.5 Dodging
 + Level 3.6 Stealth
 + Level 1.3 Unarmed Combat
 + Level 3.3 Spellcasting
 + Level 2.3 Conjurations
 + Level 4.9 Fire Magic


You had 4 spell levels left.
You knew the following spells:

 Your Spells              Type           Power        Failure   Level
a - Foxfire               Conj/Fire      68%          1%          1
b - Conjure Flame         Conj/Fire      17%          4%          3
c - Inner Flame           Hex/Fire       12%          6%          3

Your spell library contained the following spells:

 Spells                   Type           Power        Failure   Level
 Sticky Flame             Conj/Fire      17%          13%         4
 Fireball                 Conj/Fire      8%           34%         5


Dungeon Overview and Level Annotations

Branches:
Dungeon (4/15)
 Temple: D:4-7

Altars:
Sif Muna
Wu Jian

Annotations:
D:4 1 transporter, Ijyb


Innate Abilities, Weirdness & Mutations

You cannot wear most types of armour.
You are very stealthy in the water. (Stealth+)
You are amphibious.
You can wear up to eight rings at the same time.
You can use your tentacles to constrict eight enemies at once.
Your skin changes colour to match your surroundings (Stealth+).
Your rubbery body absorbs attacks. (AC +1, EV +1)


Message History

Unknown command.
It was a potion of heal wounds.
You feel much better. Ijyb misses you.
You closely miss Ijyb. You grab Ijyb.
Ijyb is heavily wounded.
You constrict Ijyb.
Ijyb zaps a wand.
You are blasted!
Ouch! That really hurt!
* * * LOW HITPOINT WARNING * * *
You feel much better.
You constrict Ijyb, but do no damage. Ijyb completely misses you.
Casting: Foxfire (safe; 1% risk of failure)
Confirm with . or Enter, or press ? or * to list all spells.
You conjure some foxfire!
You constrict Ijyb. Ijyb hits you but does no damage.
You constrict Ijyb.
The foxfire hits Ijyb but does no damage.
Ijyb is severely wounded.
The foxfire hits Ijyb.
Ijyb is severely wounded.
Ijyb zaps a wand.
You are blasted!
Ouch! That really hurt!
You die...

###.## #.......#.....
.....## #..#....#..###
.###..# #..##.#.#.(#8 .#
##'#####.... #...#$.... .#
#.#...### ##..©#?.... .#
#.#.#.# #....#(.... .#
#.#.#.# #.##.#..#8#
.####.#.#.#.####.#..#Z.###
....#...#.#..>.g@...#Z...
#########.#.####....#Z...
....#...#.# #.##.#####
#####.#.#.# #.. ......
#####.#.#.# .##. .###
...##.#.#.# . .. #
##.##.#...# . ..
##.##.##### ## ###
.#.##.#...#


You could see Ijyb, a killer bee zombie, a jackal skeleton and a wyvern
skeleton.

Vanquished Creatures
  A phantom (D:4)
  Terence (D:2)
  2 orc wizards (D:3)
  7 adders
  A worm (D:2)
  3 dart slugs
  5 leopard geckos
  4 orcs (D:3)
  6 bats
  7 giant cockroaches
  8 goblins
  12 hobgoblins
  4 jackals
  4 frilled lizards (D:1)
  7 kobolds
  5 rats
77 creatures vanquished.

Vanquished Creatures (others)
  224 foxfires
224 creatures vanquished.

Grand Total: 301 creatures vanquished

Notes
Turn   | Place    | Note
-------+----------+-------------------------------------------
     0 | D:1      | Conn the Octopode Fire Elementalist began the quest for the
                  | Orb.
     0 | D:1      | Reached XP level 1. HP: 11/11 MP: 3/3
   171 | D:1      | Reached XP level 2. HP: 17/17 MP: 0/5
   717 | D:1      | You fall into a shaft and drop 1 floor!
   892 | D:1      | Reached XP level 3. HP: 21/21 MP: 3/6
  1110 | D:2      | Reached skill level 4 in Fire Magic
  1388 | D:2      | Reached XP level 4. HP: 25/27 MP: 4/7
  1557 | D:2      | Reached skill level 1 in Unarmed Combat
  1994 | D:2      | Noticed Terence
  2004 | D:2      | Learned a level 3 spell: Conjure Flame
  2008 | D:2      | Learned a level 3 spell: Inner Flame
  2034 | D:2      | Killed Terence
  2035 | D:2      | Reached XP level 5. HP: 31/31 MP: 0/8
  2560 | D:3      | Found a shimmering blue altar of Sif Muna.
  2561 | D:3      | Found an ornate altar of the Wu Jian Council.
  2569 | D:3      | Became a worshipper of Sif Muna the Loreminder
  3717 | D:4      | Reached XP level 6. HP: 36/36 MP: 7/10
  3783 | D:4      | Noticed a phantom
  3819 | D:4      | Killed a phantom
  4036 | D:4      | Found a transporter.
  4041 | D:4      | Noticed Ijyb
  4061 | D:4      | Blown up by Ijyb

Illustrated notes

Levels and vault maps discovered:
D:1:      dpeg_arrival_boxes_within_box, layout_basic,
          chequers_serial_rivers_room_b
D:2:      minmay_inner_zag, layout_basic, uniq_terence
D:3:      layout_basic, gammafunk_temple_overflow_pools, minmay_vboxes
D:4:      layout_loops_ring, gammafunk_ghost_mausoleum, roderic_serpentine_path,
          fountainhead, uniq_ijyb, uniq_menkaure

Skill      XL: |  1  2  3  4  5 |
---------------+----------------+-----
Fire Magic     | 4 |  4.9
Unarmed Combat | 1 |  1.3
Stealth        | 3 |  3.6
Spellcasting   | 3 |  3.3
Conjurations   | 2 |  2.3
Fighting       | |  0.4
Short Blades   | |  0.3
Dodging        | |  2.5

Action                   |  1- 3 |  4- 6 || total
-------------------------+-------+-------++-------
Melee: Unarmed           |    15 |    16 ||    31
       Constrict         |     5 |    15 ||    20
       Tentacles         |     3 |     8 ||    11
       Short sword       |       |    14 ||    14
       Rapier            |       |    12 ||    12
 Cast: Foxfire           |    51 |    80 ||   131
       Conjure Flame     |       |     4 ||     4
  Use: Potion            |       |     2 ||     2
 Stab: Sleeping          |     1 |     2 ||     3
Armor: Skin              |     3 |     5 ||     8
Dodge: Dodged            |    24 |    41 ||    65

Table legend: (Time is in decaauts)
 A = Elapsed time spent in this place.
 B = Non-inter-level travel time spent in this place.
 C = Inter-level travel time spent in this place.
 D = Time resting spent in this place.
 E = Time spent auto-exploring this place.
 F = Levels seen in this place.
 G = Mean time per level.
                   A        B        C        D        E       F      G
               +--------+--------+--------+--------+--------+-----+--------+
         Total |   4064 |   3991 |     73 |    387 |   2293 |   4 | 1016.0 |
       Dungeon |   4064 |   3991 |     73 |    387 |   2293 |   4 | 1016.0 |
               +--------+--------+--------+--------+--------+-----+--------+

Top non-repeatable levels by time:
     D:2: 1419 daAuts
     D:3: 1171 daAuts
     D:1: 1077 daAuts
     D:4: 396 daAuts
